 Dungeon Crawl Stone Soup version 0.19.5 (webtiles) character file.

10054 JeffiDaFish the Basher (level 11, -16/68 HPs)
             Began as a Gargoyle Fighter on Apr 1, 2017.
             Was a High Priest of Okawaru.
             Demolished by a very large slime creature (41 damage)
             ... on level 9 of the Dungeon.
             The game lasted 00:20:02 (8413 turns).

JeffiDaFish the Basher (Gargoyle Fighter)           Turns: 8413, Time: 00:20:03

Health: -16/68     AC: 23    Str: 20    XL:     11   Next: 56%
Magic:  11/11      EV: 11    Int:  9    God:    Okawaru [*****.]
Gold:   334        SH: 12    Dex: 14    Spells: 1 memorised, 7 levels left

rFire  . . .     SeeInvis .     q - +7 whip "Qaxax" {slash, Fragile rElec rC+++ Dex+2}
rCold  + + +     Gourm    .     j - +3 scale mail {MR+}
rNeg   + . .     Faith    .     c - +0 shield
rPois  ∞         Spirit   .     (no helmet)
rElec  +         Reflect  .     (no cloak)
rCorr  .         Harm     .     (no gloves)
MR     +....                    k - +1 pair of boots
Stlth  +.........               (no amulet)
                                (no ring)
                                d - +3 ring of protection

@: no status effects
A: negative energy resistance 1, electricity resistance, unbreathing,
petrification resistance, no device heal 1, rot immunity, AC +7
a: Heroism, Finesse, Renounce Religion


You were on level 9 of the Dungeon.
You worshipped Okawaru.
Okawaru was extremely pleased with you.
You were not hungry.

You visited 1 branch of the dungeon, and saw 9 of its levels.
You also visited: Ossuary.

You collected 607 gold pieces.
You spent 273 gold pieces at shops.

Inventory:

Hand Weapons
 q - the +7 whip "Qaxax" (weapon) {slash, Fragile rElec rC+++ Dex+2}
   (You found it on level 6 of the Dungeon)

   It inflicts extra damage upon your enemies.
   It affects your dexterity (+2).
   It renders you almost immune to cold.
   It insulates you from electricity.
   It will be destroyed if unequipped.
Armour
 c - a +0 shield (worn)
 j - a +3 scale mail of magic resistance (worn)
 k - a +1 pair of boots (worn)
Jewellery
 d - a +3 ring of protection (left hand)
Scrolls
 a - 2 scrolls of teleportation
 b - 4 scrolls of identify
 e - a scroll of blinking
 h - 3 scrolls of recharging
 m - 4 scrolls of remove curse
 n - a scroll of amnesia
 s - a scroll of enchant weapon
Potions
 o - a potion of ambrosia
 p - a potion of heal wounds
 r - a potion of berserk rage
Books
 v - a Young Poisoner's Handbook

   Spells                             Type                      Level
   a - Sting                          Conjuration/Poison           1
   b - Mephitic Cloud                 Conjuration/Poison/Air       3
   c - Olgreb's Toxic Radiance        Poison                       4
   d - Alistair's Intoxication        Transmutation/Poison         5
   e - Venom Bolt                     Conjuration/Poison           5
Comestibles
 f - 9 bread rations
 i - 6 meat rations
 l - 5 beef jerkies
 t - 2 royal jellies
 w - 7 slices of pizza
 x - 4 fruits


   Skills:
 + Level 8.0 Fighting
 + Level 11.0 Maces & Flails
 + Level 8.0 Armour
 + Level 4.5 Dodging
 + Level 2.1 Stealth
 + Level 10.2 Shields


You had 7 spell levels left.
You knew the following spells:

 Your Spells              Type           Power        Failure   Level  Hunger
a - Mephitic Cloud        Conj/Pois/Air  #.......     100%        3    ####...


Dungeon Overview and Level Annotations

Branches:
Dungeon (9/15)             Temple (0/1) D:5            Lair (0/6) D:9
    Orc: D:9-12

Altars:
Ashenzari
Fedhas
Gozag
Makhleb
Nemelex Xobeh
Okawaru
Qazlal
Ru
Vehumet
Zin
The Shining One

Shops:
D:4 =   D:6 (   D:9 *


Innate Abilities, Weirdness & Mutations

You are resistant to torment.
Your stone body is resilient. (AC +7)
You are immune to poison.
You resist negative energy. (rN+)
You are resistant to electric shocks. (rElec)
You can survive without breathing.
You are immune to petrification.
You are immune to rotting.
Potions and wands are less effective at restoring your health.


Message History

You hit the very large slime creature.
The very large slime creature is severely wounded.
You hit the very large slime creature.
The very large slime creature is severely wounded.
The very large slime creature hits you.
You barely miss the very large slime creature.
The very large slime creature is severely wounded.
You hit the very large slime creature.
The very large slime creature is severely wounded.
You block the very large slime creature's attack.
You whack the very large slime creature!
The very large slime creature is almost dead.
You block the very large slime creature's attack.
You whack the very large slime creature!
The very large slime creature is almost dead.
You barely miss the very large slime creature.
The very large slime creature is almost dead.
The very large slime creature hits you!!!
Ouch! That really hurt!
You die...

####### ## .......## #.
........# #.
........##############.
........#............#.
#......h............#.
#.######............#.
##.######..).........#.
+...).@Jh............'.
##.######............#.
#............##
#............#
####'#########
###########.##########
(.....................
###########.....#####.
####.......# ##.


You could see a very large slime creature and a jackal.

Vanquished Creatures
  The ghost of Goofball the Geomancer, a novice FoEE of Fedhas (D:8)
  A hill giant (D:9)
  Pikel (D:7)
  Joseph (D:7)
  Psyche (D:9)
  The ghost of Meslamtaea the Grappler, a novice VSMo (D:5)
  A komodo dragon (D:9)
  2 trolls
  A hornet (D:9)
  Grinder (D:3)
  2 hippogriffs
  2 slime creatures (D:9)
  A human (D:8)
  2 wraiths (Ossuary)
  4 hogs (D:8)
  6 wargs (D:7)
  Duvessa (D:7)
  2 ice beasts
  2 orc warriors
  2 necrophages
  2 sky beasts (D:8)
  2 phantoms
  4 ogres
  8 centaurs
  6 bullfrogs
  A water moccasin skeleton (D:8)
  A scorpion (D:5)
  Dowan (D:7)
  3 killer bees (D:8)
  3 wights (Ossuary)
  A lava snake (D:9)
  A crimson imp (D:9)
  A bullfrog zombie (D:6)
  A quasit (D:5)
  5 hounds
  4 orc priests
  A gnoll shaman (D:7)
  3 bullfrog skeletons
  4 orc wizards
  9 worker ants
  Ijyb (D:2)
  Terence (D:2)
  A statue (D:4)
  A killer bee zombie (D:8)
  A hound zombie (D:5)
  A hound skeleton (D:5)
  2 worker ant zombies
  12 gnolls
  5 adders
  A shadow imp (D:9)
  An ooze (D:2)
  2 adder zombies (Ossuary)
  3 worms
  2 dart slugs
  5 leopard geckos
  21 orcs
  4 bats
  6 giant cockroaches
  6 goblins
  11 hobgoblins
  14 jackals
  4 quokkas
  A ball python (D:3)
  A ball python skeleton (Ossuary)
  3 frilled lizards
  2 hobgoblin skeletons (Ossuary)
  6 kobolds
  A kobold zombie (Ossuary)
  A leopard gecko skeleton (D:4)
  2 orc skeletons (Ossuary)
  3 quokka skeletons
  5 rats
226 creatures vanquished.

Vanquished Creatures (others)
  4 slaves (D:7)
  An orc (D:7)
  3 plants
8 creatures vanquished.

Grand Total: 234 creatures vanquished

Notes
Turn   | Place    | Note
-------+----------+-------------------------------------------
     0 | D:1      | JeffiDaFish the Gargoyle Fighter began the quest for the Orb.
     0 | D:1      | Reached XP level 1. HP: 14/14 MP: 1/1
   101 | D:1      | Reached XP level 2. HP: 15/19 MP: 2/2
   534 | D:1      | Reached XP level 3. HP: 24/24 MP: 3/3
   902 | D:2      | Found a sacrificial altar of Ru.
  1124 | D:2      | Noticed Terence
  1136 | D:2      | Killed Terence
  1136 | D:2      | Reached skill level 3 in Maces & Flails
  1136 | D:2      | Reached skill level 1 in Dodging
  1136 | D:2      | Reached XP level 4. HP: 26/29 MP: 4/4
  1472 | D:2      | Noticed Ijyb
  1488 | D:2      | Killed Ijyb
  1641 | D:3      | Reached XP level 5. HP: 33/33 MP: 5/5
  1778 | D:3      | Found a sparkling altar of Nemelex Xobeh.
  1885 | D:3      | Noticed Grinder
  1895 | D:3      | Killed Grinder
  1895 | D:3      | Reached skill level 4 in Maces & Flails
  1895 | D:3      | Reached XP level 6. HP: 30/39 MP: 6/6
  2211 | D:3      | Found a blossoming altar of Fedhas.
  2281 | D:4      | Reached XP level 7. HP: 6/44 MP: 7/7
  2417 | D:4      | Reached skill level 5 in Maces & Flails
  2454 | D:4      | Identified the +2 hand axe of the Skies Above {freeze, SInv} (You found it on level 4 of the Dungeon)
  2513 | D:4      | Found Ynkosh's Jewellery Emporium.
  2746 | D:4      | Found a radiant altar of Vehumet.
  2903 | D:4      | Found a stormy altar of Qazlal.
  3209 | D:5      | Entered Level 5 of the Dungeon
  3210 | D:5      | Found a sand-covered staircase.
  3225 | Ossuary  | Entered an ossuary
  3329 | Ossuary  | Noticed a wraith
  3329 | Ossuary  | Noticed a flying skull
  3336 | Ossuary  | Noticed a flying skull
  3347 | Ossuary  | Noticed a flying skull
  3409 | Ossuary  | Noticed a flying skull
  3417 | Ossuary  | Noticed a wraith
  3445 | Ossuary  | Killed a wraith
  3445 | Ossuary  | Reached skill level 6 in Maces & Flails
  3445 | Ossuary  | Reached skill level 5 in Shields
  3445 | Ossuary  | Reached XP level 8. HP: 47/48 MP: 8/8
  3458 | Ossuary  | Noticed a wraith
  3482 | Ossuary  | Killed a wraith
  3482 | Ossuary  | Reached skill level 5 in Armour
  3666 | Ossuary  | Reached skill level 1 in Stealth
  3734 | D:5      | Noticed Meslamtaea's ghost (novice VSMo)
  3754 | D:5      | Killed Meslamtaea's ghost
  3754 | D:5      | Reached skill level 5 in Fighting
  3978 | D:5      | Reached skill level 7 in Maces & Flails
  4124 | D:5      | Found a glowing silver altar of Zin.
  4124 | D:5      | Found an iron altar of Okawaru.
  4128 | D:5      | Became a worshipper of Warmaster Okawaru
  4215 | D:5      | Found a shattered altar of Ashenzari.
  4284 | D:5      | Found a staircase to the Ecumenical Temple.
  4551 | D:4      | Bought a +3 ring of protection for 273 gold pieces
  4733 | D:5      | Reached XP level 9. HP: 53/54 MP: 9/9
  4805 | D:5      | Found a glowing golden altar of the Shining One.
  4834 | D:6      | Got a bloodstained whip
  4835 | D:6      | Identified the +7 whip "Qaxax" {slash, Fragile rElec rC+++ Dex+2} (You found it on level 6 of the Dungeon)
  4902 | D:6      | Found Buefar's Weapon Shop.
  4978 | D:6      | Gained mutation: You are dopey. (Int -2) [potion of mutation]
  4978 | D:6      | Lost mutation: You are dopey. (Int -2) [potion of mutation]
  4978 | D:6      | Gained mutation: Potions and wands are less effective at restoring your health. [potion of mutation]
  5157 | D:6      | Reached skill level 8 in Maces & Flails
  5568 | D:7      | Noticed Duvessa
  5568 | D:7      | Noticed Dowan
  5580 | D:7      | Killed Dowan
  5592 | D:7      | Reached * piety under Okawaru
  5605 | D:7      | Killed Duvessa
  5768 | D:7      | Noticed Pikel
  5790 | D:7      | Killed Pikel
  5790 | D:7      | Reached ** piety under Okawaru
  5790 | D:7      | Reached skill level 9 in Maces & Flails
  5790 | D:7      | Reached XP level 10. HP: 51/60 MP: 10/10
  5895 | D:8      | Noticed Goofball's ghost (novice FoEE)
  6172 | D:8      | Reached *** piety under Okawaru
  6308 | D:7      | Noticed Joseph
  6340 | D:7      | Killed Joseph
  6909 | D:7      | Reached **** piety under Okawaru
  7119 | D:8      | Killed Goofball's ghost
  7119 | D:8      | Reached skill level 10 in Maces & Flails
  7139 | D:8      | Reached XP level 11. HP: 39/67 MP: 11/11
  7158 | D:8      | Found an opulent altar of Gozag.
  7168 | D:8      | Learned a level 3 spell: Mephitic Cloud
  7380 | D:8      | Reached ***** piety under Okawaru
  7750 | D:9      | Noticed Psyche
  7761 | D:9      | Killed Psyche
  7785 | D:9      | Found a staircase to the Lair.
  7824 | D:9      | Reached skill level 10 in Shields
  8002 | D:9      | Found a burning altar of Makhleb.
  8054 | D:9      | Found Xiocigav's General Store.
  8101 | D:9      | Noticed a hill giant
  8116 | D:9      | Killed a hill giant
  8372 | D:9      | Reached skill level 11 in Maces & Flails
  8413 | D:9      | Demolished by a very large slime creature

Skill      XL: |  1  2  3  4  5  6  7  8  9 10 11 |
---------------+----------------------------------+-----
Maces & Flails | 3 4 6 7 9 10 11 | 11.0
Dodging        | 1 2 3 4 |  4.5
Fighting       | 4 5 6 7 8 |  8.0
Armour         | 4 5 6 7 8 |  8.0
Shields        | 4 5 6 7 9 10 | 10.2
Stealth        | 1 2 |  2.1

Action                   |  1- 3 |  4- 6 |  7- 9 | 10-12 || total
-------------------------+-------+-------+-------+-------++-------
Melee: Flail             |   109 |   169 |   196 |       ||   474
       Morningstar       |       |       |    93 |       ||    93
       Whip              |       |       |   146 |   454 ||   600
  Use: Potion            |     4 |     3 |     8 |     4 ||    19
       Scroll            |     6 |     2 |     7 |     4 ||    19
  Eat: Chunk             |     1 |     4 |    10 |     9 ||    24
       Royal jelly       |       |       |     1 |       ||     1
Armor: Scale mail        |    50 |    87 |   219 |   195 ||   551
Dodge: Dodged            |    29 |    47 |   127 |   130 ||   333
Block: Shield            |    51 |    73 |   225 |   277 ||   626
